 Dungeon Crawl Stone Soup version 0.30-a0-358-g0d69a1922f (webtiles) character file.

Game seed: 15087388397303640742

81 HoaS the Shooter (level 4, -1/26 HPs)
             Began as a Kobold Hunter on Nov 9, 2022.
             Succumbed to a water moccasin's poison
             ... on level 3 of the Dungeon.
             The game lasted 00:02:51 (2557 turns).

HoaS the Shooter (Kobold Hunter)                    Turns: 2557, Time: 00:02:52

Health: -1/26      AC:  3    Str:  8    XL:     4   Next: 67%
Magic:  4/4        EV: 14    Int: 10    God:
Gold:   97         SH:  0    Dex: 20    Spells: 3/3 levels left

rFire   . . .      SeeInvis .    a - +1 shortbow
rCold   . . .      Faith    .    (shield currently unavailable)
rNeg    . . .      Spirit   .    c - +0 leather armour
rPois   .          Reflect  .    (no helmet)
rElec   .          Harm     .    (no cloak)
rCorr   .          Rampage  .    (no gloves)
Will    .....                    (no boots)
Stlth   +++.......               (no amulet)
HPRegen 0.24/turn                (no ring)
MPRegen 0.09/turn                (no ring)

@: lethally poisoned (-1 -> -14), about to teleport
A: small, no large weapons, nightstalker 3
a: no special abilities


You were on level 3 of the Dungeon.
You visited 1 branch of the dungeon, and saw 3 of its levels.

You collected 97 gold pieces.

Inventory:

Hand Weapons
 a - a +1 shortbow (weapon)
Armour
 c - a +0 leather armour (worn)
Wands
 g - a wand of flame (15)
Scrolls
 b - a scroll of immolation
Potions
 d - a potion of attraction {unknown}
 e - a potion of invisibility {unknown}
 f - 2 potions of might {unknown}
 h - a potion of curing {unknown}


   Skills:
 - Level 2.1 Fighting
 + Level 7.6 Ranged Weapons
 - Level 2.4 Dodging
 - Level 1.3 Stealth


You had 3 spell levels left.
You didn't know any spells.
Your spell library contained the following spells:

 Spells                   Type           Power      Damage    Failure   Level
 Sting                    Tmut/Pois      0%         1d3       50%         1
 Passwall                 Tmut/Erth      0%         N/A       63%         2
 Animate Dead             Necr           0%         N/A       99%         4
 Borgnjor's Vile Clutch   Necr/Erth      0%         N/A       100%        5
 Yara's Violent Unravell  Hex/Tmut       0%         3d3       100%        5
 Death Channel            Necr           0%         N/A       100%        6
 Statue Form              Tmut/Erth      0%         N/A       100%        6


Dungeon Overview and Level Annotations

Branches:
Dungeon (3/15)

Altars:


Innate Abilities, Weirdness & Mutations

You are small and have problems with some larger weapons.
You are completely attuned to the shadows.


Message History

The adder barely misses you.
You shoot an arrow. The arrow hits the adder!
You kill the adder!
No target in view!
You see here a +0 robe.
A water moccasin comes into view.
A water moccasin is nearby!
A water moccasin is nearby!
You shoot an arrow. The arrow hits the water moccasin.
The water moccasin hisses angrily.
The water moccasin is lightly wounded.
You shoot an arrow. The arrow misses the water moccasin.
The water moccasin barely misses you.
You shoot an arrow. The arrow hits the water moccasin!
The water moccasin is moderately wounded.
The water moccasin bites you.
You are poisoned.
The water moccasin poisons you! The water moccasin barely misses you.
You shoot an arrow.
The arrow barely misses the water moccasin.
You feel very sick. The water moccasin barely misses you.
You shoot an arrow. The arrow hits the water moccasin.
The water moccasin is moderately wounded.
You feel sick. The water moccasin bites you. x2
You are lethally poisoned!
The water moccasin poisons you!
You are too injured to fight recklessly!
You are too injured to fight recklessly!
You are too injured to fight recklessly!
Okay, then.
As you read the scroll of teleportation, it crumbles to dust.
You feel strangely unstable.
* * * LOW HITPOINT WARNING * * *
You feel very sick. The water moccasin closely misses you.
* * * LOW HITPOINT WARNING * * *
You feel very sick. The water moccasin barely misses you.
You die...

###### .....# ###
#S# ##.## #.#
#.#.. #@# ##.##
#.# #######.## #.#
#......... #.#
#.##.##...
#.#######.#......#
#.............>...
..
#########.#......#
#...## #.##.##...
##.....###
#.##.###..


You could see a water moccasin.

Vanquished Creatures
  2 adders
  3 dart slugs
  3 ball pythons
  5 bats
  6 endoplasms
  3 giant cockroaches
  4 goblins
  5 hobgoblins
  3 jackals (D:1)
  2 quokkas
  A frilled lizard (D:1)
  7 kobolds
  9 rats
53 creatures vanquished.

Vanquished Creatures (others)
  6 plants (D:2)
  5 withered plants (D:3)
11 creatures vanquished.

Grand Total: 64 creatures vanquished

Notes
Turn   | Place    | Note
-------+----------+-------------------------------------------
     0 | D:1      | HoaS the Kobold Hunter began the quest for the Orb.
     0 | D:1      | Reached XP level 1. HP: 12/12 MP: 1/1
    17 | D:1      | Got the Incunable of the Figure
   363 | D:1      | Reached XP level 2. HP: 17/17 MP: 2/2
   426 | D:1      | Reached skill level 6 in Ranged Weapons
   692 | D:1      | Reached XP level 3. HP: 13/21 MP: 3/3
  1275 | D:2      | Reached skill level 7 in Ranged Weapons
  1475 | D:2      | Reached XP level 4. HP: 26/26 MP: 4/4
  2549 | D:3      | Noticed a water moccasin
  2557 | D:3      | Succumbed to a water moccasin's poison

Illustrated notes

Levels and vault maps discovered:
D:1:      dpeg_arrival_water_fire, layout_basic, nicolae_titane
D:2:      layout_loops_corners, chequers_mini_garden, grunt_decor_arrowhead,
          lexackson_kobold_supper
D:3:      layout_loops_ring, serial_undead, serial_undead_b, serial_undead_a,
          serial_undead_b, serial_undead_b

Skill      XL: |  1  2  3 |
---------------+----------+-----
Ranged Weapons | 6 7 |  7.6
Fighting       | |  2.1
Dodging        | |  2.4
Stealth        | |  1.3

Action                   |  1- 3 |  4- 6 || total
-------------------------+-------+-------++-------
 Fire: Shortbow          |    82 |    49 ||   131
  Use: Scroll            |     5 |     2 ||     7
Armor: Leather armour    |     7 |     2 ||     9
Dodge: Dodged            |    30 |    15 ||    45

Table legend: (Time is in decaauts)
 A = Elapsed time spent in this place.
 B = Non-inter-level travel time spent in this place.
 C = Inter-level travel time spent in this place.
 D = Time resting spent in this place.
 E = Time spent auto-exploring this place.
 F = Levels seen in this place.
 G = Mean time per level.
                   A        B        C        D        E       F      G
               +--------+--------+--------+--------+--------+-----+--------+
         Total |   2586 |   2504 |     82 |    110 |   2121 |   3 |  862.0 |
       Dungeon |   2586 |   2504 |     82 |    110 |   2121 |   3 |  862.0 |
               +--------+--------+--------+--------+--------+-----+--------+

Top non-repeatable levels by time:
     D:2: 1203 daAuts
     D:1: 1110 daAuts
     D:3: 272 daAuts
